 Dungeon Crawl Stone Soup version 0.22-a0-303-g4a852b3 (webtiles) character file.

29309 CanOfBees the Grappler (level 13, -4/205 HPs)
             Began as a Troll Berserker on Mar 27, 2018.
             Was an Elder of Trog.
             Slain by a basilisk (7 damage)
             ... on level 4 of the Lair of Beasts.
             The game lasted 00:27:30 (11999 turns).

CanOfBees the Grappler (Troll Berserker)           Turns: 11999, Time: 00:27:31

Health: -4/205     AC:  9    Str: 35    XL:     13   Next: 14%
Magic:  17/17      EV:  1    Int:  5    God:    Trog [****..]
Gold:   791        SH:  0    Dex:  9    Spells: 12/12 levels left

rFire    + . .     SeeInvis .     - Unarmed
rCold    + . .     Gourm    +   (no shield)
rNeg     + + +     Faith    .   f - +2 robe
rPois    ∞         Spirit   .   D - +2 hat
rElec    .         Reflect  .   (no cloak)
rCorr    .         Harm     .   (gloves unavailable)
MR       .....                  (boots unavailable)
Stlth    ..........             c - amulet of regeneration
HPRegen  1.24/turn              k - ring of Ofi Bim {rPois rF+}
MPRegen  0.15/turn              W - ring of protection from cold

@: berserking (expiring), petrified, slowed, heavily drained
A: large, unfitting armour, claws 3, fast metabolism 3, gourmand, regeneration
1, shaggy fur 1, tough skin 2
a: Berserk, Trog's Hand, Brothers in Arms, Renounce Religion


You were on level 4 of the Lair of Beasts.
You worshipped Trog.
Trog was greatly pleased with you.
You were very full.

You visited 2 branches of the dungeon, and saw 14 of its levels.
You also visited: Ossuary.

You collected 935 gold pieces.
You spent 144 gold pieces at shops.

Inventory:

Hand Weapons
 u - a +3 giant spiked club of draining
 S - a +0 blowgun
Missiles
 h - 172 sling bullets
 E - 5 tomahawks
 I - 6 large rocks
 J - 3 javelins (quivered)
 L - 3 throwing nets
 M - 4 curare-tipped needles
 T - 68 stones
 U - 7 javelins of returning
 X - 3 silver javelins
 Z - 14 needles of sleeping
Armour
 f - a +2 robe (worn)
 D - a +2 hat (worn)
Jewellery
 c - an amulet of regeneration (around neck)
 k - the ring of Ofi Bim (left claw) {rPois rF+}
   (You found it on level 1 of the Lair of Beasts)

   [ring of poison resistance]

   It protects you from fire.
   It protects you from poison.
 K - an uncursed ring of protection from magic
 W - a ring of protection from cold (right claw)
Wands
 o - a wand of enslavement (8)
 s - a wand of iceblast (8)
 y - a wand of polymorph (9)
 C - a wand of acid (10)
 N - a wand of flame (27)
 O - a wand of disintegration (10)
 Y - a wand of clouds (8)
Scrolls
 a - a scroll of holy word {unknown}
 l - a scroll of blinking {unknown}
 n - a scroll of noise
 p - 4 scrolls of identify
 q - 7 scrolls of remove curse
 r - 4 scrolls of fear
 t - 2 scrolls of summoning {unknown}
 v - 6 scrolls of teleportation
 x - a scroll of vulnerability {unknown}
 F - a scroll of fog
 R - a scroll of magic mapping
 V - 2 scrolls of immolation {unknown}
Potions
 d - a potion of berserk rage {unknown}
 g - 8 potions of curing
 j - 5 potions of lignification
 m - 2 potions of mutation
 w - 5 potions of agility
 z - 5 potions of flight
 A - a potion of magic
 B - a potion of ambrosia {unknown}
 H - a potion of resistance {unknown}
 P - 2 potions of cancellation {unknown}
 Q - 2 potions of brilliance
Miscellaneous
 e - a phial of floods
Comestibles
 b - 28 rations
 G - 8 chunks of flesh


   Skills:
 + Level 11.2(8.9) Fighting
 - Level 5.0(3.1) Maces & Flails
 - Level 5.0(3.1) Throwing
 - Level 5.2(3.2) Dodging
 + Level 13.0(10.6) Unarmed Combat
 + Level 6.8(4.8) Evocations


You had 12 spell levels left.
You didn't know any spells.

Dungeon Overview and Level Annotations

Branches:
Dungeon (10/15)            Temple (0/1) D:6            Lair (4/6) D:10
  Swamp (0/4) Lair:2        Snake (0/4) Lair:3
    Orc: D:9-12

Altars:
Fedhas
Hepliaklqana
Makhleb
Ru
Wu Jian

Shops:
D:9 !

Annotations:
D:10 2 transporters


Innate Abilities, Weirdness & Mutations

You are too large for most types of armour.
You have claws for hands.
Your metabolism is lightning-fast.
You like to eat raw meat.
Your natural rate of healing is unusually fast.
You are covered in fur. (AC +1)
You have very tough skin. (AC +2)


Message History

The basilisk bites you!
* * * LOW HITPOINT WARNING * * *
You closely miss the basilisk.
The basilisk is lightly wounded.
Your skin stops crawling.
You feel less resistant to hostile enchantments.
The basilisk gazes at you.
You are slowing down.
You mangle the basilisk!!
The basilisk is almost dead.
The basilisk bites you!
* * * LOW HITPOINT WARNING * * *
Your limbs are stiffening.
You closely miss the basilisk.
The basilisk is almost dead.
The basilisk barely misses you.
You have turned to stone.
The basilisk bites you!
* * * LOW HITPOINT WARNING * * *
The basilisk bites you!
You die...

#......$......###
#)..###.#.......###.
.....###............
#....P##...........#
...................
#...$.............#
#...#.()..l....#.##
##...##l###.?..##.P.
.......@............
...................
...................
#..##.####....#####
#. ## ###### #


You could see a basilisk.

Vanquished Creatures
  Rupert (Lair:3)
  Gastronok (Lair:2)
  The ghost of silt the Grappler, a journeyman TrHu of Okawaru (Lair:4)
  Harold (Lair:4)
  The ghost of belenar the Spear-Bearer, a journeyman MiFi of Trog (D:10)
  Josephine (Lair:4)
  Urug (D:10)
  The ghost of ivailo365 the Sneak, a novice GnEn of Nemelex Xobeh (D:7)
  The ghost of Glaeka the Stinger, a novice HuVM of Fedhas (D:8)
  An unseen horror (D:8)
  An oklob plant (D:8)
  6 elephants (Lair:2)
  6 black mambas
  Maurice (D:10)
  3 spiny frogs
  5 komodo dragons
  2 trolls (D:10)
  Grinder (D:5)
  A hornet (D:10)
  A dream sheep (Lair:2)
  3 hippogriffs
  2 wyverns
  A spriggan (D:9)
  4 wraiths (Lair:4)
  16 yaks
  A hungry ghost (D:10)
  A wandering mushroom (Lair:1)
  2 basilisks
  Menkaure (D:5)
  A soldier ant (D:10)
  3 swamp worms (Lair:2)
  10 porcupines
  15 water moccasins
  A black bear (D:8)
  3 sky beasts
  3 ice beasts
  3 orc warriors
  Purgy (D:3)
  A phantom (D:4)
  4 ogres
  4 centaurs (D:10)
  3 crocodiles
  4 elf zombies (Ossuary)
  14 bullfrogs
  5 scorpions
  3 wights (D:7)
  An electric eel (Lair:2)
  3 crimson imps
  A quasit (D:7)
  6 centaur zombies (Ossuary)
  3 hounds
  2 human zombies (Ossuary)
  7 jellies
  7 orc wizards
  4 orc priests
  2 centaur skeletons
  A bullfrog skeleton (D:7)
  Ijyb (D:3)
  Terence (D:3)
  2 iguanas (D:6)
  4 worker ants
  3 mummies (Ossuary)
  19 adders
  A shadow imp (D:9)
  18 oozes
  An adder skeleton (D:9)
  4 worms
  3 dart slugs (D:1)
  3 leopard geckos
  25 orcs
  A ball python (Lair:3)
  4 giant cockroaches
  11 goblins
  6 hobgoblins
  2 jackals (D:9)
  6 quokkas
  6 bats
  4 frilled lizards
  A jackal skeleton (D:4)
  6 kobolds
  11 rats
  A plant (Lair:1)
327 creatures vanquished.

Vanquished Creatures (collateral kills)
  2 yaks (D:10)
2 creatures vanquished.

Vanquished Creatures (others)
  An orc (D:10)
  10 fungi
11 creatures vanquished.

Grand Total: 340 creatures vanquished

Notes
Turn   | Place    | Note
-------+----------+-------------------------------------------
     0 | D:1      | CanOfBees the Troll Berserker began the quest for the Orb.
     0 | D:1      | Reached XP level 1. HP: 22/22 MP: 0/0
    85 | D:1      | Reached XP level 2. HP: 28/29 MP: 1/1
   181 | D:1      | Reached ** piety under Trog
   181 | D:1      | Reached XP level 3. HP: 32/36 MP: 2/2
   440 | D:1      | You fall through a shaft!
   951 | D:2      | Reached XP level 4. HP: 45/45 MP: 3/3
  1321 | D:3      | Noticed Ijyb
  1331 | D:3      | Killed Ijyb
  1331 | D:3      | Reached skill level 4 in Unarmed Combat
  1350 | D:3      | Reached skill level 1 in Maces & Flails
  1350 | D:3      | Reached XP level 5. HP: 40/53 MP: 4/4
  1487 | D:3      | Noticed Grinder
  1521 | D:3      | Found a hazy altar of Hepliaklqana.
  1552 | D:3      | Found a sacrificial altar of Ru.
  1553 | D:3      | Found an ornate altar of the Wu Jian Council.
  1555 | D:3      | Found a burning altar of Makhleb.
  1632 | D:3      | Noticed Terence
  1642 | D:3      | Killed Terence
  1831 | D:3      | Noticed Purgy
  1844 | D:3      | Killed Purgy
  1844 | D:3      | Reached XP level 6. HP: 54/62 MP: 5/5
  2119 | D:4      | Reached *** piety under Trog
  2157 | D:4      | Reached skill level 5 in Unarmed Combat
  2403 | D:4      | Reached XP level 7. HP: 56/71 MP: 6/6
  2757 | D:5      | Entered Level 5 of the Dungeon
  2943 | D:5      | Found a sand-covered staircase.
  2954 | Ossuary  | Entered an ossuary
  3065 | Ossuary  | Reached skill level 6 in Unarmed Combat
  3079 | Ossuary  | Reached skill level 5 in Fighting
  3090 | Ossuary  | Reached XP level 8. HP: 36/80 MP: 7/7
  3350 | D:5      | Killed Grinder
  3359 | D:5      | Reached **** piety under Trog
  3474 | D:5      | Noticed Menkaure
  3483 | D:5      | Killed Menkaure
  3888 | D:6      | Reached skill level 7 in Unarmed Combat
  3934 | D:6      | Found a blossoming altar of Fedhas.
  4097 | D:6      | Reached XP level 9. HP: 80/89 MP: 8/8
  4235 | D:6      | Found a staircase to the Ecumenical Temple.
  4435 | D:7      | Noticed ivailo365's ghost (novice GnEn)
  4477 | D:7      | Killed ivailo365's ghost
  4477 | D:7      | Reached skill level 5 in Dodging
  4477 | D:7      | Reached skill level 8 in Unarmed Combat
  5121 | D:8      | Noticed Glaeka's ghost (novice HuVM)
  5133 | D:8      | Killed Glaeka's ghost
  5133 | D:8      | Reached skill level 5 in Maces & Flails
  5133 | D:8      | Reached skill level 1 in Throwing
  5133 | D:8      | Reached skill level 9 in Unarmed Combat
  5133 | D:8      | Reached XP level 10. HP: 92/102 MP: 9/9
  5323 | D:8      | Killed an unseen horror
  5876 | D:8      | Noticed an oklob plant
  5944 | D:8      | Killed an oklob plant
  6596 | D:9      | Found Qixailup's Distillery.
  6603 | D:9      | Bought a potion of agility for 48 gold pieces
  6603 | D:9      | Bought a potion of heal wounds for 60 gold pieces
  6603 | D:9      | Bought a potion of flight for 36 gold pieces
  6623 | D:9      | Reached skill level 10 in Unarmed Combat
  6976 | D:10     | Entered Level 10 of the Dungeon
  7038 | D:10     | Noticed belenar's ghost (journeyman MiFi)
  7048 | D:10     | Killed belenar's ghost
  7048 | D:10     | Reached skill level 1 in Evocations
  7270 | D:10     | Reached XP level 11. HP: 65/113 MP: 11/11
  7467 | D:10     | Noticed Maurice
  7478 | D:10     | Reached skill level 5 in Throwing
  7502 | D:10     | Killed Maurice
  7502 | D:10     | Received a gift from Trog
  7680 | D:10     | Found a transporter.
  7680 | D:10     | Noticed a yaktaur captain
  7681 | D:10     | Noticed a deep troll
  7682 | D:10     | Noticed a deep elf mage
  7683 | D:10     | Noticed an ogre mage
  7687 | D:10     | a deep troll changed into a merfolk
  7692 | D:10     | Noticed a glowing orange brain
  7692 | D:10     | a merfolk changed into a glowing orange brain
  7693 | D:10     | Noticed a two-headed ogre
  7693 | D:10     | a glowing orange brain changed into a two-headed ogre
  7698 | D:10     | Noticed a shining eye
  7698 | D:10     | a two-headed ogre changed into a shining eye
  7700 | D:10     | a shining eye changed into a manticore
  7706 | D:10     | Noticed a swamp dragon
  7706 | D:10     | a manticore changed into a swamp dragon
  7709 | D:10     | a swamp dragon changed into a cyclops
  7710 | D:10     | Found a transporter.
  7717 | D:10     | Noticed a deep troll
  7717 | D:10     | a merfolk changed into a deep troll
  7723 | D:10     | Noticed a death drake
  7723 | D:10     | a deep troll changed into a death drake
  7725 | D:10     | a death drake changed into a torpor snail
  7737 | D:10     | Noticed a two-headed ogre
  7737 | D:10     | a swamp worm changed into a two-headed ogre
  7741 | D:10     | a two-headed ogre changed into a merfolk
  7829 | D:10     | Noticed Urug
  7843 | D:10     | Killed Urug
  8027 | D:10     | Found a staircase to the Lair.
  8280 | Lair:1   | Entered Level 1 of the Lair of Beasts
  8326 | Lair:1   | Reached skill level 11 in Unarmed Combat
  8827 | Lair:1   | Noticed an oklob plant
  8856 | Lair:1   | an oklob plant changed into a wandering mushroom
  8866 | Lair:1   | Got a shimmering lead ring
  8868 | Lair:1   | Identified the ring of Ofi Bim {rPois rF+} (You found it on level 1 of the Lair of Beasts)
  9156 | Lair:2   | Noticed Gastronok
  9173 | Lair:2   | Killed Gastronok
  9318 | Lair:2   | Reached XP level 12. HP: 64/126 MP: 14/14
  9402 | Lair:2   | Noticed Sonja
  9405 | Lair:2   | Noticed Sonja
  9405 | Lair:2   | Sonja changed into Sonja the dream sheep
  9408 | Lair:2   | Killed Sonja the dream sheep
  9440 | Lair:2   | Reached skill level 10 in Fighting
  9880 | Lair:2   | Reached skill level 5 in Evocations
  9937 | Lair:2   | Reached skill level 12 in Unarmed Combat
 10125 | Lair:2   | Received a gift from Trog
 10313 | Lair:2   | Found a staircase to the Swamp.
 10719 | Lair:3   | Noticed Rupert
 10736 | Lair:3   | Killed Rupert
 10820 | Lair:3   | Found a staircase to the Snake Pit.
 11628 | Lair:4   | Noticed Harold
 11637 | Lair:4   | Noticed silt's ghost (journeyman TrHu)
 11785 | Lair:4   | Killed silt's ghost
 11815 | Lair:4   | Killed Harold
 11815 | Lair:4   | Reached XP level 13. HP: 113/137 MP: 16/16
 11864 | Lair:4   | Received a gift from Trog
 11972 | Lair:4   | Noticed Josephine
 11985 | Lair:4   | Killed Josephine
 11985 | Lair:4   | Reached skill level 13 in Unarmed Combat
 11987 | Lair:4   | HP: 9/205 [wraith[Josephine] (6)]
 11987 | Lair:4   | HP: 3/205 [wraith[Josephine] (6)]
 11994 | Lair:4   | HP: 6/205 [basilisk (10)]
 11996 | Lair:4   | HP: 2/205 [basilisk (6)]
 11999 | Lair:4   | Slain by a basilisk

Vault maps used:
D:1:      minmay_arrival_arboretum_small
D:2:      minivault_24, kennysheep_generic_room_11
D:3:      minitemple, uniq_terence, uniq_purgy, uniq_ijyb, uniq_grinder
D:4:      first_ration
D:5:      enter_ossuary_1, uniq_menkaure
D:6:      minmay_temple_entry_fiery, fedhas_altar_1
D:8:      lemuel_slime, lemuel_old_faithful
D:9:      serial_shops, nicolae_shop_statue_plus, the_bakery
D:10:     gammafunk_sealed_arena, lair_entry_dummy, uniq_urug, uniq_maurice
Lair:1:   ldierk_geyser, grunt_megastairs_3, minmay_lair_oklob_chamber,
          infiniplex_staircase_pool_2
Lair:2:   nicolae_swamp_entry_splash_gauntlet, uniq_gastronok, uniq_sonja
Lair:3:   minmay_snake_entry_six_corridors, uniq_rupert
Lair:4:   uniq_harold, uniq_josephine
Ossuary:  ossuary_minmay_four_chambers

Skill      XL: |  1  2  3  4  5  6  7  8  9 10 11 12 13 |
---------------+----------------------------------------+-----
Fighting       | 3 4 5 6 7 8 9 11 | 11.2
Dodging        | 3 4 5 |  5.2
Unarmed Combat | 4 5 6 7 9 10 11 12 13 | 13.0
Maces & Flails | 1 2 3 5 |  5.0
Throwing       | 1 4 5 |  5.0
Evocations     | 1 4 6 |  6.8

Action                   |  1- 3 |  4- 6 |  7- 9 | 10-12 | 13-15 || total
-------------------------+-------+-------+-------+-------+-------++-------
Melee: Unarmed           |    69 |   132 |   258 |   556 |    31 ||  1046
       Punch             |       |     4 |     7 |    35 |     2 ||    48
 Fire: Hunting sling     |     8 |     9 |       |       |       ||    17
       Blowgun           |       |       |       |     2 |       ||     2
Throw: Stone             |       |     4 |     3 |       |       ||     7
       Large rock        |       |       |     7 |    11 |       ||    18
       Tomahawk          |       |       |     3 |       |       ||     3
       Javelin           |       |       |       |    13 |    15 ||    28
Invok: Berserk           |       |       |     3 |     3 |     1 ||     7
       Trog's Hand       |       |       |       |    11 |     1 ||    12
       Brothers in Arms  |       |       |       |     2 |       ||     2
Evoke: Wand              |       |       |       |    25 |       ||    25
  Use: Scroll            |       |       |     8 |    14 |       ||    22
       Potion            |       |       |       |     4 |     2 ||     6
 Stab: Sleeping          |       |     1 |       |       |       ||     1
  Eat: Chunk             |    14 |    13 |    24 |    68 |     4 ||   123
       Ration            |       |       |     1 |     2 |       ||     3
Armor: Animal skin       |    60 |       |       |       |       ||    60
       Robe              |       |    69 |    59 |   125 |     8 ||   261
Dodge: Dodged            |    53 |    75 |    97 |   275 |    24 ||   524

Table legend:
 A = Spawn XP
 B = Non-spawn XP
 C = Spawn XP percentage of total XP
 D = Spawn monster count
 E = Non-spawn monster count
 F = Spawn count percentage of total count
 G = Total turns spent on level
                    A         B        C        D         E        F      G
               +---------+---------+-------+---------+---------+-------+---------
         Total |       0 |   41870 |   0.0 |       0 |     328 |   0.0 | 11999
               +---------+---------+-------+---------+---------+-------+---------
           D:1 |       0 |      54 |   0.0 |       0 |      24 |   0.0 |   576
           D:2 |       0 |      83 |   0.0 |       0 |      22 |   0.0 |   744
           D:3 |       0 |     300 |   0.0 |       0 |      22 |   0.0 |   789
           D:4 |       0 |     430 |   0.0 |       0 |      17 |   0.0 |   658
           D:5 |       0 |     578 |   0.0 |       0 |       8 |   0.0 |   761
           D:6 |       0 |     706 |   0.0 |       0 |      12 |   0.0 |   474
           D:7 |       0 |    1890 |   0.0 |       0 |      20 |   0.0 |   745
           D:8 |       0 |    2927 |   0.0 |       0 |      31 |   0.0 |   942
           D:9 |       0 |     953 |   0.0 |       0 |      22 |   0.0 |   932
          D:10 |       0 |    7435 |   0.0 |       0 |      48 |   0.0 |  1304
        Lair:1 |       0 |    3152 |   0.0 |       0 |      12 |   0.0 |   929
        Lair:2 |       0 |    8864 |   0.0 |       0 |      29 |   0.0 |  1398
        Lair:3 |       0 |    8355 |   0.0 |       0 |      33 |   0.0 |  1169
        Lair:4 |       0 |    5366 |   0.0 |       0 |      13 |   0.0 |   223
       Ossuary |       0 |     777 |   0.0 |       0 |      15 |   0.0 |   355
               +---------+---------+-------+---------+---------+-------+---------
